 Dungeon Crawl Stone Soup version 0.27-a0-1358-ga0a28fc8c3 (webtiles) character file.

Game seed: 681380343812533941

6 p00p3nd0rk the Insei (level 1, 12/12 HPs)
             Began as a Tengu Transmuter on June 23, 2021.
             Quit the game on level 1 of the Dungeon on June 28, 2021.
             The game lasted 00:03:36 (213 turns).

p00p3nd0rk the Insei (Tengu Transmuter)              Turns: 213, Time: 00:03:36

Health: 12/12      AC:  2    Str: 10    XL:     1   Next: 90%
Magic:  4/4        EV: 12    Int: 13    God:
Gold:   25         SH:  0    Dex: 14    Spells: 3/4 levels left

rFire    . . .     SeeInvis .     - Unarmed
rCold    . . .     Faith    .   (no shield)
rNeg     . . .     Spirit   .   a - +0 robe
rPois    .         Reflect  .   (helmet restricted)
rElec    .         Harm     .   (no cloak)
rCorr    .         Rampage  .   (no gloves)
Will     .....                  (boots unavailable)
Stlth    +.........             (no amulet)
HPRegen  0.04/turn              (no ring)
MPRegen  0.09/turn              (no ring)

@: no status effects
A: beak, talons 3
a: no special abilities


You were on level 1 of the Dungeon.
You visited 1 branch of the dungeon, and saw 1 of its levels.

You collected 25 gold pieces.

Inventory:

Missiles
 c - 23 stones
Armour
 a - a +0 robe (worn)
 b - a +0 leather armour
Potions
 d - a potion of haste {unknown}


   Skills:
 + Level 1.0 Fighting
 + Level 2.2 Dodging
 + Level 3.5 Unarmed Combat
 + Level 2.0 Spellcasting
 + Level 1.7 Transmutations


You had 3 spell levels left.
You knew the following spells:

 Your Spells              Type           Power      Damage    Failure   Level
a - Beastly Appendage     Tmut           10%        N/A       12%         1

Your spell library contained the following spells:

 Spells                   Type           Power      Damage    Failure   Level
 Wereblood                Tmut           5%         N/A       19%         2
 Spider Form              Tmut/Pois      1%         N/A       47%         3
 Ice Form                 Ice/Tmut       3%         N/A       87%         4


Dungeon Overview and Level Annotations

Branches:
Dungeon (1/15)

Altars:


Innate Abilities, Weirdness & Mutations

You have a beak for a mouth.
You have claws for feet.


Message History

You closely miss the jackal.
You headbutt the jackal, but do no damage.
Your peck misses the jackal. The jackal closely misses you.
The jackal bites you.
You barely miss the jackal. The jackal misses you.
You hit the jackal. Your headbutt misses the jackal.
Your peck misses the jackal.
The jackal is almost dead.
The jackal closely misses you.
You hit the jackal.
You kill the jackal!
You hit the jackal.
You kill the jackal!
Your transformation is almost over.
Casting: Beastly Appendage (safe; 12% risk of failure)
Confirm with . or Enter, or press ? or * to list all spells.
You extend your transformation's duration.
Casting: Beastly Appendage (safe; 12% risk of failure)
Confirm with . or Enter, or press ? or * to list all spells.
You fail to extend your transformation any further.
You're too inexperienced to learn that spell!
Okay, then.
Okay, then.
Welcome back, p00p3nd0rk the Tengu Transmuter.
Press ? for a list of commands and other information.
Your transformation is almost over.
Your horns disappear.
HP restored.
Magic restored.
d - an emerald potion
Found a hunting sling.
A ball python comes into view.
A bat comes into view.
The ball python hisses angrily.
The bat closely misses you.
Found a club.
Save game and exit?
Welcome back, p00p3nd0rk the Tengu Transmuter.
Press ? for a list of commands and other information.
Are you sure you want to abandon this character and quit the game? (Confirm with "yes".)

)... .... .....
#####S.... ...
#......... ...
#......... . ...
#..)......
#.##.######.@b......
.
........##...####...
..###.....##.###
............#
#...###...##
#.^#..#.### ##.
#...##...## ..[
#..#####..#
#....####..#


You could see a bat and a ball python.

Vanquished Creatures
  A hobgoblin (D:1)
  3 jackals (D:1)
  A rat (D:1)
5 creatures vanquished.

Notes
Turn   | Place    | Note
-------+----------+-------------------------------------------
     0 | D:1      | p00p3nd0rk the Tengu Transmuter began the quest for the
                  | Orb.
     0 | D:1      | Reached XP level 1. HP: 12/12 MP: 4/4
   139 | D:1      | Upgraded the game from 0.27-a0-1324-ge0d8e047f6 to
                  | 0.27-a0-1331-g60ef6b6952
   154 | D:1      | Upgraded the game from 0.27-a0-1331-g60ef6b6952 to
                  | 0.27-a0-1358-ga0a28fc8c3
   213 | D:1      | Quit the game

Illustrated notes

Levels and vault maps discovered:
D:1:      dpeg_arrival_tiny_a, layout_rooms, basic_ecumenical_altar

Action                   || total
-------------------------++-------
Melee: Unarmed           ||    13
       Kick              ||     2
       Headbutt          ||     2
 Cast: Beastly Appendage ||     5
Dodge: Dodged            ||    12

Table legend: (Time is in decaauts)
 A = Elapsed time spent in this place.
 B = Non-inter-level travel time spent in this place.
 C = Inter-level travel time spent in this place.
 D = Time resting spent in this place.
 E = Time spent auto-exploring this place.
 F = Levels seen in this place.
 G = Mean time per level.
                   A        B        C        D        E       F      G
               +--------+--------+--------+--------+--------+-----+--------+
         Total |    212 |    212 |      0 |      0 |    117 |   1 |  212.0 |
       Dungeon |    212 |    212 |      0 |      0 |    117 |   1 |  212.0 |
               +--------+--------+--------+--------+--------+-----+--------+

Top non-repeatable levels by time:
     D:1: 212 daAuts
